 Dungeon Crawl Stone Soup version 0.28-a0-556-gab23d0e057 (webtiles) character file.

Game seed: 6202669151396303895

48673 shoop the Slicer (level 14, -7/70 HPs)
             Began as a Vine Stalker Warper on Sept 28, 2021.
             Was an Elder of Sif Muna.
             Killed from afar by an ironbound frostheart (10 damage)
             ... by creeping frost
             ... in an ice cave on Oct 10, 2021.
             The game lasted 01:39:41 (21766 turns).

shoop the Slicer (Vine Stalker Warper)             Turns: 21766, Time: 01:39:42

Health: -7/70      AC: 11    Str: 19    XL:     14   Next: 47%
Magic:  0/25       EV: 14    Int: 17    God:    Sif Muna [****..]
Gold:   960        SH:  5    Dex: 15    Spells: 11/26 levels left

rFire   . . .      SeeInvis +   a - +2 short sword (elec)
rCold   + . .      Faith    +   G - +0 buckler
rNeg    . . .      Spirit   +   K - +2 ring mail {rC+}
rPois   +          Reflect  .   P - +2 helmet {SInv}
rElec   +          Harm     .   (no cloak)
rCorr   .          Rampage  .   (no gloves)
Will    ++...                   Z - +0 pair of boots
Stlth   ++++......              T - amulet of faith
HPRegen 1.21/turn               i - ring of willpower
MPRegen 0.19/turn               t - ring "Nizip" {rElec rPois Str+5}

@: channelling
A: fangs 3, regeneration 1, magic shield, antimagic bite, no potion heal 2
a: Renounce Religion, Channel Magic, Forget Spell, Divine Exegesis


You were in an ice cave.
You worshipped Sif Muna.
Sif Muna was greatly pleased with you.
You visited 4 branches of the dungeon, and saw 22 of its levels.
You also visited: Ice Cave and Volcano.

You collected 960 gold pieces.

Inventory:

Hand Weapons
 a - a +2 short sword of electrocution (weapon)
 b - a +2 dagger of venom
 n - a +1 scimitar of flaming
 M - the +9 falchion of Modesty {holy, Drain rPois SInv}
   (You found it on level 5 of the Lair of Beasts)

   It has been blessed by the Shining One to cause great damage to the undead
   and demons.
   rPois:     It protects you from poison.
   SInv:      It lets you see invisible.
   Drain:     It drains your maximum health when unequipped.
Missiles
 d - 5 boomerangs of dispersal
 f - 11 atropa-tipped darts
 w - 2 throwing nets
 J - 28 poisoned darts (quivered)
 L - 2 curare-tipped darts
Armour
 y - a +2 leather armour of poison resistance
 G - a +0 buckler (worn)
 K - a +2 ring mail of cold resistance (worn)
 P - a +2 helmet of see invisible (worn)
 Z - a +0 pair of boots (worn)
Jewellery
 e - a ring of protection from fire
 i - a ring of willpower (left hand)
 t - the ring "Nizip" (right hand) {rElec rPois Str+5}
   (You acquired it on level 9 of the Dungeon)

   [ring of poison resistance]

   Str:       It affects your strength (+5).
   rElec:     It insulates you from electricity.
   rPois:     It protects you from poison.
 I - a ring of willpower
 T - an amulet of faith (around neck)
 Y - a ring of flight
Wands
 r - a wand of flame (77)
 u - a wand of polymorph (16)
 v - a wand of paralysis (10)
 H - a wand of digging (10)
 R - a wand of iceblast (39)
 W - a wand of mindburst (10)
 X - a wand of acid (5)
Scrolls
 c - 8 scrolls of blinking
 h - 4 scrolls of teleportation
 j - 4 scrolls of magic mapping {unknown}
 m - 3 scrolls of summoning {unknown}
 q - 3 scrolls of enchant weapon
 z - 3 scrolls of fear {unknown}
 C - 4 scrolls of fog {unknown}
 O - 3 scrolls of immolation {unknown}
 U - 2 scrolls of vulnerability
 V - 2 scrolls of enchant armour {unknown}
Potions
 g - 2 potions of cancellation
 k - 2 potions of might {unknown}
 l - a potion of mutation
 o - 3 potions of lignification
 p - 2 potions of magic
 s - a potion of ambrosia
 x - 3 potions of heal wounds {unknown}
 A - 3 potions of flight {unknown}
 B - 4 potions of curing {unknown}
 D - 2 potions of brilliance {unknown}
 E - 3 potions of degeneration {unknown}
 F - a potion of berserk rage {unknown}
 N - 2 potions of haste {unknown}
 Q - 3 potions of invisibility {unknown}
 S - a potion of resistance {unknown}


   Skills:
 + Level 6.3 Fighting
 - Level 12.0 Short Blades
 - Level 1.0 Throwing
 - Level 1.0 Armour
 + Level 7.7 Dodging
 - Level 12.0 Stealth
 - Level 4.0 Shields
 + Level 6.6 Spellcasting
 - Level 5.3 Translocations
 - Level 3.0 Air Magic
 - Level 12.0 Invocations
 + Level 4.7 Evocations


You had 11 spell levels left.
You knew the following spells:

 Your Spells              Type           Power      Damage    Failure   Level
a - Lesser Beckoning      Tloc           23%        N/A       7%          3
b - Blink                 Tloc           N/A        N/A       3%          2
c - Teleport Other        Tloc           23%        N/A       7%          3
g - Passage of Golubria   Tloc           N/A        N/A       22%         4
s - Swiftness             Air            15%        N/A       19%         3

Your spell library contained the following spells:

 Spells                   Type           Power      Damage    Failure   Level
 Gell's Gravitas          Tloc           11%        N/A       7%          3
 Shock                    Conj/Air       40%        1d5       12%         1
 Corpse Rot               Necr/Air       N/A        N/A       17%         2
 Portal Projectile        Hex/Tloc       28%        N/A       21%         3
 Scorch                   Fire           10%        2d6       32%         2
 Mephitic Cloud           Conj/Pois/Air  9%         N/A       38%         3
 Airstrike                Air            7%         N/A       52%         4
 Ignite Poison            Fire/Tmut/Pois 5%         N/A       54%         3
 Inner Flame              Hex/Fire       5%         N/A       54%         3
 Summon Guardian Golem    Hex/Summ       5%         N/A       54%         3
 Tukima's Dance           Hex            5%         N/A       54%         3
 Manifold Assault         Tloc           23%        N/A       54%         5
 Summon Lightning Spire   Summ/Air       10%        N/A       75%         4
 Animate Dead             Necr           2%         N/A       91%         4
 Cause Fear               Hex            2%         N/A       91%         4
 Dispel Undead            Necr           5%         3d7       91%         4
 Flame Wave               Conj/Fire      5%         3d4       91%         4
 Fulminant Prism          Conj/Hex       2%         3d6       91%         4
 Leda's Liquefaction      Hex/Erth       2%         N/A       91%         4
 Petrify                  Tmut/Erth      5%         N/A       91%         4
 Lightning Bolt           Conj/Air       5%         1d17      97%         5
 Freezing Cloud           Conj/Ice/Air   4%         6-21      98%         5
 Alistair's Intoxication  Tmut/Pois      3%         N/A       99%         5
 Blade Hands              Tmut           2%         N/A       99%         5
 Borgnjor's Vile Clutch   Necr/Erth      2%         N/A       99%         5
 Excruciating Wounds      Necr           2%         N/A       99%         5
 Fireball                 Conj/Fire      2%         3d4       99%         5
 Lee's Rapid Deconstruct  Erth           2%         3d6*      99%         5
 Metabolic Englaciation   Hex/Ice        2%         N/A       99%         5
 Yara's Violent Unravell  Hex/Tmut       2%         3d3       99%         5
 Conjure Ball Lightning   Conj/Air       5%         3x3d6     100%        6
 Death Channel            Necr           2%         N/A       100%        6
 Eringya's Noxious Bog    Tmut/Pois      2%         N/A       100%        6
 Starburst                Conj/Fire      2%         6d3       100%        6
 Statue Form              Tmut/Erth      3%         N/A       100%        6
 Summon Cactus Giant      Summ           2%         N/A       100%        6
 Haunt                    Necr/Summ      2%         N/A       100%        7
 Orb of Destruction       Conj           2%         9d1       100%        7
 Spellforged Servitor     Conj/Summ      2%         N/A       100%        7
 Infestation              Necr           2%         N/A       100%        8


Dungeon Overview and Level Annotations

Branches:
Dungeon (14/15)            Temple (1/1) D:7            Lair (6/6) D:9
 Shoals (0/4) Lair:2        Slime (0/5) Lair:5          Orc (1/2) D:12
  IceCv (1/1)             Volcano (visited)
  Snake: Lair:2-4    Spider: Lair:2-4    Vaults: D:13-14

Altars:
Ashenzari
Cheibriados
Dithmenos
Elyvilon
Gozag
Hepliaklqana
Kikubaaqudgha
Makhleb
Nemelex Xobeh
Okawaru
Qazlal
Ru
Sif Muna
Trog
Vehumet
Wu Jian
Xom
Zin
Jiyva

Shops:
D:7 (

Annotations:
D:5 exclusion: water moccasin
D:6 exclusion: water moccasin
D:8 exclusions: gnoll and gnoll sergeant, Gastronok, Harold, Maggie
D:10 exclusion: two-headed ogre
D:11 exclusion: hydra
D:12 3 runed translucent doors, Jorgrun; RBrandon's ghost, journeyman KoFE; SirDiesAlot's ghost, journeyman MiDe; robertstho's ghost, journeyman DjFE; swinepaste's ghost, journeyman SpAK
D:13 exclusions: cyclops, efreet and hydra, Snorg
Lair:2 exclusion: hydra
Lair:3 Rupert
Lair:4 exclusions: 2 death yaks and hydra, Urug IceCv exclusion: orange crystal statue


Innate Abilities, Weirdness & Mutations

You have razor-sharp teeth.
Your natural rate of healing is unusually fast.
When hurt, damage is shared between your health and your magic reserves.
Your bite disrupts and absorbs the magic of your enemies.
Potions cannot restore your health.


Message History

The ice encasing you melts away.
The ironbound frostheart calls freezing cold from the walls.
The frost grips you!! You partially resist.
You are encased in ice.
You hit the white ugly thing but do no damage.
The white ugly thing is severely wounded.
The white ugly thing trunk-slaps you! The white ugly thing freezes you!
You resist.
Unknown command.
You closely miss the white ugly thing. Your bite misses the white ugly thing.
The white ugly thing is severely wounded.
You barely miss the white ugly thing. You bite the white ugly thing!
You drain its power.
You feel invigorated.
The white ugly thing is almost dead.
The white ugly thing basks in the mutagenic energy from its kin and changes!
The ironbound frostheart calls freezing cold from the walls.
The frost grips you!! You partially resist.
* * * LOW HITPOINT WARNING * * *
The white ugly thing trunk-slaps you but does no damage.
Aiming: Corrosive Bolt
Press: ? - help, Shift-Dir - straight line, f - ironbound frostheart, p - ironbound frostheart
Aim: an ironbound frostheart, wearing a +0 scale mail (infested, 77% to hit)
The bolt of acid hits the white ugly thing!!
The acid corrodes the white ugly thing!
You kill the white ugly thing!
Sif Muna accepts your kill.
The bolt of acid misses the ironbound frostheart.
A death scarab bursts from the white ugly thing!
The white ugly thing basks in the mutagenic energy from its kin and changes!
The ironbound frostheart calls freezing cold from the walls.
The frost grips you!! You partially resist.
* * * LOW HITPOINT WARNING * * *
The ironbound frostheart touches something but does no damage.
Unknown command.
The ice encasing you melts away. The frost giant barely misses you.
The frost giant hits something but does no damage.
The ironbound frostheart calls freezing cold from the walls.
The frost grips you! You partially resist.
You die... #.p. ### #.k.u ##.. ...kh## #... ..ku# kup

.h## uu ### #
#[###. ##.##
#:):pC###.∩.####.#
#@.........#
#####.###### ###


You could see a frost giant (infested), 3 ugly things, 2 ironbound frosthearts
and a rime drake (infested).

Vanquished Creatures
  3 hydras
  6 two-headed ogres
  Erica (D:9)
  An ironbound frostheart (IceCv)
  An ogre mage (Volcano)
  3 centaur warriors
  A hell knight (Volcano)
  7 ugly things
  2 manticores
  2 cyclopes
  4 black mambas
  9 cane toads
  A gargoyle (D:12)
  12 rime drakes
  4 komodo dragons
  4 trolls
  18 polar bears
  A wind drake (Lair:2)
  3 dream sheep (Lair:6)
  Prince Ribbit (D:5)
  12 blink frogs
  2 wraiths
  5 wyverns
  Eustachio (D:5)
  A shadow (D:12)
  A vampire (D:12)
  53 yaks
  A basilisk (D:13)
  5 vampire mosquitoes (D:13)
  9 fire bats
  A fire elemental (Lair:1)
  2 steam dragons
  An acid dragon (D:12)
  11 water moccasins
  6 orc warriors
  An ice beast (D:7)
  14 wolves
  5 black bears
  3 sky beasts
  2 ogres
  3 centaurs
  2 necrophages
  2 phantoms
  3 kobold brigands
  Blork the orc (D:4)
  8 bullfrogs
  7 killer bees
  4 wights
  A howler monkey (shapeshifter) (D:13)
  2 electric eels
  7 howler monkeys
  7 lava snakes (Volcano)
  2 centaur zombies
  A bullfrog zombie (D:6)
  A jelly (D:6)
  4 centaur skeletons
  10 orc priests
  5 iguanas
  9 orc wizards
  A killer bee zombie (D:7)
  A hound skeleton (D:5)
  A howler monkey zombie (D:3)
  A howler monkey skeleton (D:6)
  2 adders (D:2)
  5 gnolls
  2 shadow imps
  A white imp (D:5)
  3 ufetubi
  2 worms
  2 dart slugs
  49 orcs
  9 endoplasms
  2 giant cockroaches (D:3)
  12 hobgoblins
  8 jackals (D:1)
  4 quokkas
  8 ball pythons
  6 bats
  4 frilled lizards
  2 goblins
  23 kobolds
  7 rats
454 creatures vanquished.

Vanquished Creatures (others)
  A fire vortex (Lair:5)
  28 fungi
  37 plants
66 creatures vanquished.

Grand Total: 520 creatures vanquished

Notes
Turn   | Place    | Note
-------+----------+-------------------------------------------
     0 | D:1      | shoop the Vine Stalker Warper began the quest for the Orb.
     0 | D:1      | Reached XP level 1. HP: 11/11 MP: 4/4
    54 | D:1      | Reached skill level 1 in Stealth
   342 | D:1      | Reached XP level 2. HP: 7/15 MP: 6/6
   354 | D:1      | Learned a level 2 spell: Blink
   841 | D:1      | Reached XP level 3. HP: 12/18 MP: 5/7
   860 | D:1      | Learned a level 3 spell: Lesser Beckoning
  2360 | D:2      | Gained mutation: Your natural rate of healing is unusually
                  | fast. [Vine Stalker growth]
  2360 | D:2      | Reached XP level 4. HP: 20/23 MP: 6/8
  2621 | D:2      | Reached skill level 5 in Stealth
  3133 | D:2      | Reached XP level 5. HP: 21/26 MP: 7/9
  4304 | D:3      | Learned a level 3 spell: Teleport Other
  4649 | D:4      | Noticed Blork the orc
  4950 | D:4      | Killed Blork the orc
  4951 | D:4      | Reached XP level 6. HP: 14/30 MP: 4/11
  5045 | D:5      | Entered Level 5 of the Dungeon
  5126 | D:5      | Noticed Eustachio
  5191 | D:5      | Noticed a water moccasin
  5262 | D:5      | Killed Eustachio
  5263 | D:5      | Reached skill level 1 in Throwing
  5263 | D:5      | Reached XP level 7. HP: 20/34 MP: 5/12
  5486 | D:5      | Reached skill level 1 in Armour
  5486 | D:5      | Reached skill level 1 in Evocations
  5667 | D:5      | Noticed Prince Ribbit
  5967 | D:4      | Reached skill level 5 in Short Blades
  5967 | D:4      | Gained mutation: You have razor-sharp teeth. [Vine Stalker
                  | growth]
  5967 | D:4      | Reached XP level 8. HP: 36/39 MP: 9/13
  6160 | D:5      | Killed Prince Ribbit
  6856 | D:6      | Reached XP level 9. HP: 42/42 MP: 15/15
  7367 | D:7      | Identified a scroll of acquirement
  7611 | D:7      | Found a staircase to the Ecumenical Temple.
  7629 | Temple   | Entered the Ecumenical Temple
  7795 | Temple   | Became a worshipper of Sif Muna the Loreminder
  8264 | D:6      | Learned a level 4 spell: Passage of Golubria
  8578 | D:7      | Found Feethom's Antique Weapon Shoppe.
  9176 | D:8      | Reached skill level 5 in Spellcasting
  9176 | D:8      | Reached skill level 5 in Translocations
  9193 | D:8      | Reached skill level 10 in Stealth
  9193 | D:8      | Reached XP level 10. HP: 44/46 MP: 18/18
  9232 | D:8      | Noticed Gastronok
  9241 | D:8      | Reached * piety under Sif Muna
  9292 | D:8      | Noticed Maggie
  9656 | D:8      | Noticed Harold
 10044 | D:9      | Identified the +2 mace "Yri Erodiv" {flame, *Slow rPois
                  | Int+4 Dex+3}
 10119 | D:9      | Found a staircase to the Lair.
 10376 | D:9      | Noticed Erica
 10625 | D:9      | Killed Erica
 10626 | D:9      | Reached skill level 10 in Short Blades
 10753 | D:9      | Acquired the ring "Nizip" {rElec rPois Str+5}
 10967 | D:8      | Found a sacrificial altar of Ru.
 10999 | D:8      | Reached ** piety under Sif Muna
 11130 | D:10     | Entered Level 10 of the Dungeon
 11175 | D:10     | Noticed a centaur warrior
 11184 | D:10     | Killed a centaur warrior
 11185 | D:10     | Reached XP level 11. HP: 44/50 MP: 19/19
 11339 | D:10     | Reached skill level 1 in Shields
 11507 | D:10     | Found a shimmering altar of Xom.
 11547 | D:10     | Noticed a two-headed ogre
 12035 | D:11     | Noticed a green ugly thing
 12077 | D:11     | Noticed a cyclops
 12189 | D:11     | Noticed a five-headed hydra
 12241 | Lair:1   | Entered Level 1 of the Lair of Beasts
 12862 | Lair:1   | Reached *** piety under Sif Muna
 13563 | Lair:2   | Reached skill level 5 in Fighting
 13583 | Lair:2   | Reached XP level 12. HP: 52/60 MP: 17/20
 13622 | Lair:2   | Reached skill level 5 in Dodging
 13682 | Lair:2   | Noticed a four-headed hydra
 13819 | Lair:2   | Reached skill level 1 in Invocations
 13883 | Lair:2   | Found a staircase to the Shoals.
 14321 | Lair:3   | Noticed Rupert
 14477 | Lair:3   | Reached skill level 5 in Invocations
 14766 | Lair:4   | Reached **** piety under Sif Muna
 14788 | Lair:4   | Identified the +4 pair of gloves "Ykluriaw" {-Cast Str+3}
 14825 | Lair:4   | Noticed a seven-headed hydra
 14875 | Lair:4   | Found a dark tunnel.
 14885 | Lair:4   | Noticed Urug
 15001 | Lair:4   | Noticed a death yak
 15001 | Lair:4   | Noticed a death yak
 15001 | Lair:4   | Noticed a death yak
 15079 | Volcano  | Entered a volcano
 15172 | Volcano  | Noticed a two-headed ogre
 15172 | Volcano  | Noticed a two-headed ogre
 15200 | Volcano  | Killed a two-headed ogre
 15291 | Volcano  | Noticed a two-headed ogre
 15292 | Volcano  | Noticed an ogre mage
 15326 | Volcano  | Killed a two-headed ogre
 15343 | Volcano  | Noticed a two-headed ogre
 15369 | Volcano  | Killed a two-headed ogre
 15507 | Volcano  | Killed a two-headed ogre
 15524 | Volcano  | Found a burning altar of Makhleb.
 15548 | Volcano  | Noticed a two-headed ogre
 15549 | Volcano  | Noticed a hell knight
 15614 | Volcano  | Killed a two-headed ogre
 15615 | Volcano  | Reached XP level 13. HP: 31/63 MP: 7/21
 15675 | Volcano  | Reached skill level 10 in Invocations
 15684 | Volcano  | Found a bloodstained altar of Trog.
 16607 | Lair:5   | Found a viscous altar of Jiyva.
 16607 | Lair:5   | Found a staircase to the Slime Pits.
 16639 | Lair:5   | Identified the +9 falchion of Modesty {holy, Drain rPois
                  | SInv}
 17119 | Lair:5   | Reached ***** piety under Sif Muna
 17124 | Lair:5   | Received a gift from Sif Muna
 17125 | Lair:5   | Got Imaz Ylo's Guide on Weightlessness and Enchantment {god
                  | gift}
 17130 | Lair:5   | Learned a level 3 spell: Swiftness
 17458 | Lair:6   | Entered Level 6 of the Lair of Beasts
 17655 | Lair:6   | Reached skill level 1 in Air Magic
 18954 | D:12     | Found a runed translucent gate.
 18955 | D:12     | Found a runed translucent gate.
 18969 | D:12     | Found a runed translucent gate.
 18989 | D:12     | Noticed robertstho's ghost (journeyman DjFE)
 18989 | D:12     | Noticed SirDiesAlot's ghost (journeyman MiDe)
 18989 | D:12     | Noticed swinepaste's ghost (journeyman SpAK)
 18991 | D:12     | Noticed RBrandon's ghost (journeyman KoFE)
 19062 | D:12     | Found a staircase to the Orcish Mines.
 19363 | D:12     | Noticed Jorgrun
 19375 | Orc:1    | Entered Level 1 of the Orcish Mines
 19428 | D:12     | Identified the +5 falchion of Painful Death {vamp, rElec
                  | rC- Int+3 Dex+3}
 19608 | D:13     | Reached XP level 14. HP: 68/68 MP: 24/24
 19766 | D:13     | Noticed Snorg
 20295 | D:13     | Received a gift from Sif Muna
 20296 | D:13     | Got Qalyacif's Handbook of the Flying Arsonist {god gift}
 20711 | D:14     | Found a frozen archway.
 20731 | IceCv    | Entered an ice cave
 21127 | IceCv    | Found the +0 pair of fencer's gloves {Riposte Dex+3}
 21758 | IceCv    | Noticed a frost giant
 21758 | IceCv    | Noticed a frost giant
 21765 | IceCv    | HP: 2/70 [ironbound frostheart/creeping frost (15)]
 21766 | IceCv    | Killed from afar by an ironbound frostheart

Illustrated notes

Levels and vault maps discovered:
D:1:      amcnicky_arrival_blooded_trapdoor, layout_basic, chequers_big_river,
          corexii_corridor_pit, minmay_crystal_room
D:2:      layout_basic, kennysheep_donut, minmay_quadrilaterals
D:3:      layout_loops_corners, grunt_decor_mini_mirrors
D:4:      layout_basic, minmay_misc_feat_enclosed, uniq_blork_the_orc
D:5:      layout_cave_pods, supply_closet_lemuel, uniq_eustachio,
          uniq_prince_ribbit1
D:6:      layout_basic, grunt_decor_one_mirror, minmay_diced_spiral
D:7:      layout_basic, temple_pool_b, serial_shops, nicolae_shop_waterfront,
          grunt_ministairs_14, kennysheep_generic_room_14
D:8:      layout_cave_pods, palyth_stone_intersect, minmay_ruined_shrine,
          uniq_harold, uniq_maggie, uniq_gastronok
D:9:      layout_rooms, grunt_lair_entry_orc_guard_hut, grunt_ministairs_6,
          uniq_erica
D:10:     layout_stronghold, mainiacjoe_overflow_small_starburst
D:11:     layout_basic
D:12:     layout_loops_ring, david_orc_3, gammafunk_ghost_cemetery, uniq_jorgrun
D:13:     layout_gridville, corexii_hall_statues_x, uniq_snorg
D:14:     nrook_guardian_serpent_snake_passage, layout_basic,
          portal_ice_cave_entry_pillars_2, solitary_fountain,
          kennysheep_inner_square
Temple:   roderic_octagonal_lattice_temple
Lair:1:   layout_gridlike, minivault_11, infiniplex_staircase_pool_2
Lair:2:   layout_misc_corridors, minmay_shoals_entry_beasts
Lair:3:   layout_regular_city, dummy_snake_entry, uniq_rupert
Lair:4:   layout_cave_pods, nicolae_volcano_entry_hallway, uniq_urug
Lair:5:   layout_gridlike, dpeg_slime_entry_enclosed_altar,
          nicolae_quartered_pool_little, lemuel_fruit_tree
Lair:6:   evilmike_catoblepas_cave, layout_cave_pods, basic_altar,
          grunt_forest_large_clearings
Orc:1:    layout_caves, elves_outpost_lemuel, uniq_josephine
IceCv:    ice_cave_caverns_01

Skill      XL: |  1  2  3  4  5  6  7  8  9 10 11 12 13 14 |
---------------+-------------------------------------------+-----
Stealth        | 2 3 4 5 6 7 8 10 11 12 | 12.0
Short Blades   | 2 3 4 5 6 8 11 12 | 12.0
Spellcasting   | 3 5 6 |  6.6
Throwing       | 1 |  1.0
Fighting       | 2 5 6 |  6.3
Armour         | 1 |  1.0
Evocations     | 1 3 4 |  4.7
Dodging        | 2 4 5 7 |  7.7
Translocations | 5 |  5.3
Shields        | 4 |  4.0
Invocations    | 9 12 | 12.0
Air Magic      | 3 |  3.0

Action                   |  1- 3 |  4- 6 |  7- 9 | 10-12 | 13-15 || total
-------------------------+-------+-------+-------+-------+-------++-------
Melee: Short sword       |   140 |   171 |   278 |   428 |   705 ||  1722
       Bite              |    25 |    36 |    98 |   193 |   265 ||   617
       Dagger            |       |       |    73 |   249 |     2 ||   324
       Scimitar          |       |       |       |       |     5 ||     5
Throw: Dart              |     1 |     1 |     5 |    56 |    16 ||    79
 Cast: Blink             |       |       |     2 |     6 |     7 ||    15
       Teleport Other    |       |       |       |     3 |    22 ||    25
       Lesser Beckoning  |       |       |       |     1 |       ||     1
       Swiftness         |       |       |       |       |     2 ||     2
       Infestation       |       |       |       |       |     1 ||     1
Invok: Channel Magic     |       |       |       |       |     1 ||     1
       Divine Exegesis   |       |       |       |       |     1 ||     1
Evoke: Wand              |       |       |       |     1 |     5 ||     6
  Use: Scroll            |       |     5 |     2 |     5 |     4 ||    16
 Stab: Sleeping          |     4 |    12 |    16 |    20 |    15 ||    67
       Distracted        |     1 |       |       |     3 |     1 ||     5
       Invisible         |       |     1 |       |       |       ||     1
Armor: Leather armour    |    38 |    29 |    56 |   107 |    68 ||   298
       Ring mail         |       |       |       |       |    52 ||    52
Dodge: Dodged            |    79 |   135 |   142 |   254 |   266 ||   876
Block: Buckler           |       |       |       |    48 |   101 ||   149

Table legend: (Time is in decaauts)
 A = Elapsed time spent in this place.
 B = Non-inter-level travel time spent in this place.
 C = Inter-level travel time spent in this place.
 D = Time resting spent in this place.
 E = Time spent auto-exploring this place.
 F = Levels seen in this place.
 G = Mean time per level.
                   A        B        C        D        E       F      G
               +--------+--------+--------+--------+--------+-----+--------+
         Total |  21028 |  19673 |   1355 |    904 |  12951 |  24 |  876.2 |
       Dungeon |  14590 |  13738 |    852 |    499 |   9968 |  14 | 1042.1 |
        Temple |    183 |    166 |     17 |      0 |    132 |   1 |  183.0 |
          Lair |   4694 |   4208 |    486 |     23 |   2614 |   6 |  782.3 |
  Orcish Mines |      1 |      1 |      0 |      0 |      0 |   1 |    1.0 |
      Ice Cave |    932 |    932 |      0 |    319 |    205 |   1 |  932.0 |
       Volcano |    625 |    625 |      0 |     62 |     31 |   1 |  625.0 |
               +--------+--------+--------+--------+--------+-----+--------+

Top non-repeatable levels by time:
     D:2: 1767 daAuts
     D:1: 1691 daAuts
     D:8: 1302 daAuts
     D:5: 1274 daAuts
     D:7: 1194 daAuts
  Lair:5: 1181 daAuts
     D:6: 1179 daAuts
  Lair:1: 1167 daAuts
    D:10: 1036 daAuts
    D:13: 1007 daAuts
  Lair:4: 952 daAuts
   IceCv: 932 daAuts
     D:3: 874 daAuts
    D:11: 824 daAuts
     D:4: 804 daAuts
